 Dungeon Crawl Stone Soup version 0.31-a0-1074-g0b22e4e0f1 (webtiles) character file.

Game seed: 17745662788623878223

58 ytrimaz the Insei (level 4, 0/28 HPs)
             Began as an Octopode Shapeshifter on Dec 8, 2023.
             Succumbed to an adder's poison
             ... on level 2 of the Dungeon.
             The game lasted 00:01:02 (1054 turns).

ytrimaz the Insei (Octopode Shapeshifter)           Turns: 1054, Time: 00:01:03

Health: 0/28       AC:  1    Str: 13    XL:     4   Next: 1%
Magic:  4/4        EV: 13    Int: 12    God:
Gold:   59         SH:  0    Dex: 13    Spells: 3/3 levels left

rFire   . .          .
                       - Unarmed
rCold   . . .        (no shield)
rNeg    . . .        (helmet currently unavailable)
rPois   .            (no amulet)
rElec   .            (no ring)
rCorr   .            (no ring)
SInv    .            (no ring)
Will    .....        (no ring)
Stlth   ++           (no ring)
HPRegen 0.24/turn    (no ring)
MPRegen 0.09/turn    (no ring)
                     (no ring)

%: no passive effects
@: mighty, lethally poisoned (0 -> -7), beast-form
A: beast (slay +1), almost no armour, amphibious, 8 rings, camouflage 1,
gelatinous body 1, (nimble swimmer 1), tentacles
a: Begin Untransformation


You were on level 2 of the Dungeon.
You were a hulking beast.
You visited 1 branch of the dungeon, and saw 2 of its levels.

You collected 59 gold pieces.


Innate Abilities, Weirdness & Mutations

You are a hulking beast.
Your limbs bulge with bestial killing power. (Slay +1)
You cannot wear most types of armour.
You are amphibious.
You can wear up to eight rings at the same time.
Your skin changes colour to match your surroundings (Stealth+).
Your rubbery body absorbs attacks. (AC +1, EV +1)
((You are camouflaged when in or above water. (Stealth+)))
You have tentacles for arms and can constrict up to eight enemies at once.


   Skills:
 - Level 1.0 Fighting
 - Level 2.0 Dodging
 + Level 4.7 Unarmed Combat
 - Level 3.0 Shapeshifting


You had 3 spell levels left.
You didn't know any spells.
Your spell library contained the following spells:

 Spells                   Type           Power      Damage    Failure   Level
 Sublimation of Blood     Necr           0%         N/A       45%         2
 Wereblood                Tmut           0%         N/A       45%         2
 Summon Hydra             Summ           0%         N/A       100%        7

Inventory:

Talismans
 b - a beast talisman
 c - a flux talisman
Scrolls
 d - 3 scrolls of teleportation {unknown}
 e - 4 scrolls of identify {unknown}
 g - a scroll of immolation {unknown}
 i - a scroll of poison {unknown}
 j - a scroll of enchant armour {unknown}
 k - a scroll of enchant weapon {unknown}
Potions
 a - a potion of lignification
 h - a potion of ambrosia {unknown}

Dungeon Overview and Level Annotations

Branches:
Dungeon (2/15) Zot: 10950

Altars:

Annotations:
D:2 Natasha

.....~~~..##รท......##
..# #.#
.##..~~~..#.....####
.## ..
###..~~~.....#.## .
.?....8...#.##.## #.
.........##.##..##
....#.......###..#
....######.## ##.#
....# ...# #.##
....###..### #hg#
####....##.!...โ€ #.#
....$#####.####. ..#
.....)...# ## ..#
...##...#.# ..# #..
..#.. ... .#? .#. .#
.### h. #... # .. . .
#.


You could see a goblin.


Message History

There are monsters nearby!
A malevolent force fills the Dungeon... and a teleportation trap spontaneously manifests!
You are yanked towards a nearby monster!
Your surroundings suddenly seem different.
A goblin comes into view. It is wielding a +0 club.
Found four items.
Found two stone staircases leading down.
A goblin is nearby!
Unknown command.
A worm comes into view.
A goblin comes into view. It is wielding a +0 club.
The helpless goblin fails to defend itself.
You tentacle-slap the goblin. You grab the goblin. You constrict the goblin.
You kill the goblin!
Unknown command.
The worm closely misses you.
You barely miss the worm. Your grab misses the worm.
You tentacle-slap the worm. You squeeze the worm!
The worm bites you. ๐Ÿ˜• HP[-5]
You take 5 damage, and now have 18/23 hp.
MASSIVE DAMAGE!! (PAUSE)
You bludgeon the worm!
You kill the worm!
Unknown command.
You see here a worm corpse.
A worm comes into view.
You barely miss the goblin. Your grab misses the goblin.
You squeeze the goblin.
You kill the goblin! ๐Ÿ˜• HP[+1] Unknown command.
Things that are here:
a +0 club; a goblin corpse ๐Ÿ˜• HP[+1]
The worm completely misses you.
Unknown command.
You completely miss the worm. You grab the worm. You constrict the worm.
You tentacle-slap the worm. You squeeze the worm. You constrict the worm.
The worm bites you!
Ouch! That really hurt!
* * * LOW HITPOINT WARNING * * *
๐Ÿ˜จ HP[-11]
You take 11 damage, and now have 9/23 hp.
MASSIVE DAMAGE!! (PAUSE)
You tentacle-slap the worm. You squeeze the worm. You constrict the worm.
You kill the worm!
Unknown command.
You see here a worm corpse.
Key pressed, stopping explore.
e - 4 scrolls labelled SAXIXZU ESMEWK (gained 1) Key pressed, stopping explore.
Unknown command. ๐Ÿ˜Ž HP[+14]
Your hp is fully restored (23).
You now have 45 gold pieces (gained 11).
You now have 52 gold pieces (gained 7).
j - a scroll labelled JAZXOU UNNIUG
k - a scroll labelled CIQYNU OMMI You now have 59 gold pieces (gained 7).
Key pressed, stopping explore.
A goblin comes into view. It is wielding a +0 club.
A goblin is nearby!
A goblin is nearby!
An adder comes into view.
The helpless adder fails to defend itself.
You tentacle-slap the adder but do no damage.
Your grab misses the adder. Your squeeze misses the adder.
The adder closely misses you.
The goblin shouts!
You tentacle-slap the adder. Your grab misses the adder. The adder misses you.
The goblin misses you. The adder misses you.
Unknown command.
You completely miss the adder. Your grab misses the adder.
The goblin hits you with a +0 club. The adder bites you.
You are poisoned.
The adder poisons you! ๐Ÿ˜• HP[-4]
You take 4 damage, and now have 19/23 hp.
You barely miss the adder. Your grab misses the adder.
You feel sick. The goblin hits you with a +0 club. The adder bites you.
You are more poisoned.
The adder poisons you!
You tentacle-slap the adder. Your grab misses the adder.
* * * LOW HITPOINT WARNING * * *
You feel sick. The adder barely misses you. The goblin hits you with a +0 club.
* * * LOW HITPOINT WARNING * * *
๐Ÿ˜จ HP[-13]
You take 13 damage, and now have 6/23 hp.
MASSIVE DAMAGE!! (PAUSE)
You miss the adder. Your grab misses the adder. You squeeze the adder.
You kill the adder!
* * * LOW HITPOINT WARNING * * *
You feel sick. The goblin hits you with a +0 club.
* * * LOW HITPOINT WARNING * * *
You have reached level 4! ๐Ÿ˜ฑ HP[-4] MP[+1]
You now have 28 max hp (+5).
Your mp is fully restored (4).
It was a potion of might.
You feel very mighty all of a sudden.
You die...

Skill      XL: |  1  2 |
---------------+-------+-----
Unarmed Combat | 4 |  4.7
Fighting       | |  1.0
Dodging        | |  2.0
Shapeshifting  | |  3.0

Action                     |  1- 3 |  4- 6 || total
---------------------------+-------+-------++-------
  Melee: Unarmed           |    57 |       ||    57
         Tentacles         |    13 |       ||    13
         Constrict         |    10 |       ||    10
         Punch             |     1 |       ||     1
    Use: Potion            |       |     1 ||     1
   Stab: Sleeping          |     6 |       ||     6
 Armour: Skin              |    28 |       ||    28
  Dodge: Dodged            |    22 |       ||    22

Levels and vault maps discovered:
D:1:      lightli_arrival_boilingwater, layout_basic,
          nicolae_ecumenical_snake_handling,
          hangedman_abyss_or_decor_lesser_grid
D:2:      layout_rooms, basic_altar, minivault_26, serial_park_tiny_pond,
          uniq_crazy_yiuf_cottage, uniq_natasha

Notes
Turn   | Place    | Note
-------+----------+-------------------------------------------
     0 | D:1      | ytrimaz the Octopode Shapeshifter began the quest for the
                  | Orb.
     0 | D:1      | Reached XP level 1. HP: 13/13 MP: 1/1
     0 | D:1      | magus.rc [v1.9.6]
    28 | D:1      | You pick up a book of Blood and begin reading...
    28 | D:1      | You add the spells Sublimation of Blood, Wereblood and
                  | Summon Hydra to your library.
   137 | D:1      | Found a faded altar of an unknown god.
   141 | D:1      | Reached XP level 2. HP: 17/18 MP: 2/2
   556 | D:1      | Reached skill level 4 in Unarmed Combat
   744 | D:2      | Reached XP level 3. HP: 23/23 MP: 3/3
   900 | D:2      | Noticed Natasha
  1053 | D:2      | HP: 4/23 [poisoned by an adder]
  1053 | D:2      | HP: 1/23 [goblin/+0 club (3)]
  1054 | D:2      | Reached XP level 4. HP: 2/28 MP: 4/4
  1054 | D:2      | Succumbed to an adder's poison

Vanquished Creatures
  2 adders (D:2)
  3 worms (D:2)
  A dart slug (D:1)
  4 ball pythons
  2 endoplasms (D:1)
  2 giant cockroaches
  2 goblins (D:2)
  2 hobgoblins
  3 jackals (D:1)
  A quokka (D:1)
  4 bats (D:1)
  2 frilled lizards (D:1)
28 creatures vanquished.

Table legend:
 A = Non-vault XP
 B = Vault XP
 C = Vault XP percentage of total XP
 D = Non-vault monster count
 E = Vault monster count
 F = Vault count percentage of total count
                 A         B        C        D         E       F
            +---------+---------+-------+---------+---------+-------
      Total |      78 |       5 |   6.0 |      25 |       3 |  10.7
            +---------+---------+-------+---------+---------+-------
        D:1 |      27 |       5 |  15.6 |      15 |       3 |  16.7
        D:2 |      51 |       0 |   0.0 |      10 |       0 |   0.0
            +---------+---------+-------+---------+---------+-------

Skill      XL: |  1  2 |
---------------+-------+-----
Unarmed Combat | 4 |  4.7
Fighting       | |  1.0
Dodging        | |  2.0
Shapeshifting  | |  3.0

Action                     |  1- 3 |  4- 6 || total
---------------------------+-------+-------++-------
  Melee: Unarmed           |    57 |       ||    57
         Tentacles         |    13 |       ||    13
         Constrict         |    10 |       ||    10
         Punch             |     1 |       ||     1
    Use: Potion            |       |     1 ||     1
   Stab: Sleeping          |     6 |       ||     6
 Armour: Skin              |    28 |       ||    28
  Dodge: Dodged            |    22 |       ||    22

Illustrated notes

Table legend:
 A = Kills in this place as a percentage of kills in the entire game.
 B = Kills by you in this place as a percentage of kills by you in the entire game.
 C = Kills by friends in this place as a percentage of kills by friends in the entire game.
 D = Other kills in this place as a percentage of other kills in the entire game.
 E = Experience gained in this place as a percentage of experience gained in the entire game.
 F = Experience gained in this place divided by the number of levels of this place that you have seen.
                   A       B       C       D       E      F
               +-------+-------+-------+-------+-------+----------------------
         Total | 100.0 | 100.0 |   N/A |   N/A | 100.0 |  41.5
       Dungeon | 100.0 | 100.0 |   N/A |   N/A | 100.0 |  41.5
               +-------+-------+-------+-------+-------+----------------------

Table legend: (Time is in decaauts)
 A = Elapsed time spent in this place.
 B = Non-inter-level travel time spent in this place.
 C = Inter-level travel time spent in this place.
 D = Time resting spent in this place.
 E = Time spent auto-exploring this place.
 F = Levels seen in this place.
 G = Mean time per level.
                   A        B        C        D        E       F      G
               +--------+--------+--------+--------+--------+-----+--------+
         Total |   1049 |   1023 |     26 |      0 |    816 |   2 |  524.5 |
       Dungeon |   1049 |   1023 |     26 |      0 |    816 |   2 |  524.5 |
               +--------+--------+--------+--------+--------+-----+--------+

Top non-repeatable levels by time:
     D:1: 735 daAuts
     D:2: 314 daAuts
